 Dungeon Crawl Stone Soup version 0.22.1-1-ga44c0e56f4 (webtiles) character file.

5805 Jynx the Transmogrifier (level 10, -5/94 HPs)
             Began as an Octopode Transmuter on Oct 25, 2018.
             Was a Priest of Qazlal.
             Slain by Sonja
             ... wielding a +0 short sword of distortion
              (13 damage)
             ... on level 10 of the Dungeon.
             The game lasted 00:25:02 (11542 turns).

Jynx the Transmogrifier (Octopode Transmuter)      Turns: 11542, Time: 00:25:03

Health: -5/94      AC: 25    Str: 10    XL:     10   Next: 79%
Magic:  28/28      EV:  2    Int: 16    God:    Qazlal [***...]
Gold:   655        SH:  7    Dex: 15    Spells: 6/21 levels left

rFire    . . .     SeeInvis .     - Unarmed
rCold    . . .     Gourm    .   (no shield)
rNeg     + + +     Faith    .   (helmet currently unavailable)
rPois    +         Spirit   .   u - +3 amulet of reflection
rElec    .         Reflect  +   b - ring of magical power
rCorr    .         Harm     .   (no ring)
MR       .....     NoTele   +   (no ring)
Stlth    +.........             (no ring)
HPRegen  0.25/turn              (no ring)
MPRegen  0.21/turn              (no ring)
                                (no ring)
                                (no ring)

@: lethally poisoned (-5 -> -32), tree-form, slowed, very slow
A: almost no armour, stealthy swim, (amphibious), 8 rings, (constrict 8)
a: Upheaval, Elemental Force, Renounce Religion


You were on level 10 of the Dungeon.
You worshipped Qazlal.
Qazlal was most pleased with you.
You were near starving.
You were a tree.
You visited 1 branch of the dungeon, and saw 10 of its levels.

You collected 655 gold pieces.

Inventory:

Missiles
 a - 218 arrows
Jewellery
 b - a ring of magical power (left branch)
 u - a +3 amulet of reflection (around neck)
Wands
 f - a wand of enslavement (16)
 m - a wand of acid (12)
 w - a wand of flame (24)
 A - a wand of random effects (31)
Scrolls
 d - 4 scrolls of identify
 e - 4 scrolls of amnesia
 g - 5 scrolls of remove curse
 o - 2 scrolls of immolation {unknown}
 p - 2 scrolls of noise {unknown}
 q - 2 scrolls of teleportation
 r - 2 scrolls of magic mapping
 v - a scroll of enchant weapon {unknown}
 y - 2 scrolls of enchant armour {unknown}
Potions
 h - 3 potions of agility {unknown}
 i - a potion of heal wounds {unknown}
 j - a potion of lignification
 k - a potion of resistance {unknown}
 l - a potion of invisibility {unknown}
 n - a potion of ambrosia
 s - a potion of berserk rage {unknown}
 t - 2 potions of brilliance {unknown}
 x - a potion of flight {unknown}
 z - a potion of might {unknown}
Comestibles
 c - 19 rations


   Skills:
 + Level 3.6 Fighting
 + Level 7.5 Dodging
 + Level 4.8 Unarmed Combat
 - Level 6.0 Spellcasting
 * Level 10.4 Transmutations
 * Level 4.9 Ice Magic


You had 6 spell levels left.
You knew the following spells:

 Your Spells              Type           Power        Failure   Level  Hunger
a - Beastly Appendage     Tmut           #####.       1%          1    None
b - Sticks to Snakes      Tmut           #####...     1%          2    #......
c - Spider Form           Tmut/Pois      ###.......   4%          3    ##.....
d - Blade Hands           Tmut           #####.....   5%          5    ######.
e - Ice Form              Ice/Tmut       ####....     6%          4    ####...

Your spell library contained the following spells:

 Spells                   Type           Power        Failure   Level  Hunger
 Confusing Touch          Hex            #.....       14%         1    None
 Corona                   Hex            #......      14%         1    None
 Petrify                  Tmut/Erth      ###.....     16%         4    ####...
 Slow                     Hex            #.......     21%         2    #......
 Confuse                  Hex            #.......     38%         3    ##.....
 Gell's Gravitas          Tloc           #.........   38%         3    ##.....
 Inner Flame              Hex/Fire       #.......     38%         3    ##.....
 Portal Projectile        Hex/Tloc       #.....       38%         3    ##.....
 Yara's Violent Unravell  Hex/Tmut       ###.......   41%         5    ######.
 Cause Fear               Hex            #.........   80%         4    ####...
 Leda's Liquefaction      Hex/Erth       #.........   80%         4    ####...
 Metabolic Englaciation   Hex/Ice        ##........   80%         5    ######.


Dungeon Overview and Level Annotations

Branches:
Dungeon (10/15)            Temple (0/1) D:5             Orc (0/2) D:9
   Lair: D:8-11

Altars:
Ashenzari
Cheibriados
Dithmenos
Fedhas
Gozag
Nemelex Xobeh
Qazlal
Sif Muna
Uskayaw
Xom
Yredelemnul
Zin

Annotations:
D:3 1 runed door
D:10 Sonja


Innate Abilities, Weirdness & Mutations

You cannot wear most types of armour.
You are very stealthy in the water. (Stealth+)
((You are amphibious.))
You can wear up to eight rings at the same time.
((You can use your tentacles to constrict eight enemies at once.))
((Your skin changes colour to match your surroundings (Stealth+).))
((Your rubbery body absorbs attacks. (AC +1, EV +1)))


Message History

Space bends around you.
* * * LOW HITPOINT WARNING * * *
Sonja is engulfed in blazing flames.
Sonja hits you but does no damage. Space bends around you.
* * * LOW HITPOINT WARNING * * *
Sonja barely misses you. Sonja hits you but does no damage.
Space warps horribly around you!
* * * LOW HITPOINT WARNING * * *
You feel less invigorated.
You feel less confused.
* * * LOW HITPOINT WARNING * * *
You feel very sick.
Sonja is engulfed in blazing flames.
Sonja hits you with an uncursed short sword of distortion.
* * * LOW HITPOINT WARNING * * *
Space bends around you.
* * * LOW HITPOINT WARNING * * *
Sonja completely misses you. Sonja hits you but does no damage.
Space warps horribly around you!
You die...

...# #..# #..........#
.# ...# #..#
#.###..##..##. ...#
#..# #.# #..##.....
...# #..# #.#
#..##..... ...####..#
#.# #..##.....
.........# #.# #..##.#
.# .........# #.#
#..##.# ..#
..#####..###.###§....#
..# ..#
#........§♣.##.# ..#
..#
#.....(...K.##.##..#
..#
#.......#...##.....#
..
#...#...#...##.....#
#...#...#...##.....#
#...#...#...##..##.#
#...#...#...##..# .#
#...#.......##..# #
#...#.......##..#


You could see Sonja.

Vanquished Creatures
  Erolcha (D:10)
  Prince Ribbit (D:7)
  Grinder (D:6)
  Sigmund (D:4)
  A human (D:9)
  A hungry ghost (D:10)
  Edmund (D:3)
  A water moccasin (D:6)
  5 orc warriors
  2 ice beasts
  2 sky beasts
  2 black bears
  An eye of draining (D:8)
  A necrophage (D:9)
  A phantom (D:4)
  4 centaurs
  8 ogres
  2 bullfrogs
  2 scorpions
  3 wights (D:10)
  2 bullfrog zombies
  2 quasits
  A gnoll shaman (D:7)
  7 orc priests
  2 jellies
  12 orc wizards
  2 centaur skeletons
  Terence (D:3)
  An iguana (D:4)
  6 worker ants
  Ijyb (D:2)
  A hound zombie (D:10)
  2 worker ant zombies
  9 gnolls
  13 adders
  A shadow imp (D:9)
  2 oozes
  2 adder skeletons
  An adder zombie (D:6)
  A worm (D:2)
  A dart slug (D:3)
  3 leopard geckos
  32 orcs
  2 bat skeletons (D:2)
  3 giant cockroaches
  4 goblins
  8 hobgoblins
  5 jackals
  7 kobolds
  4 quokkas
  2 ball pythons
  8 bats
  6 frilled lizards
  A giant cockroach zombie (D:2)
  A jackal zombie (D:2)
  A quokka skeleton (D:2)
  7 rats
  A butterfly (D:9)
206 creatures vanquished.

Notes
Turn   | Place    | Note
-------+----------+-------------------------------------------
     0 | D:1      | Jynx the Octopode Transmuter began the quest for the Orb.
     0 | D:1      | Reached XP level 1. HP: 13/13 MP: 3/3
   185 | D:1      | Reached XP level 2. HP: 18/18 MP: 3/5
   831 | D:2      | Reached XP level 3. HP: 10/23 MP: 4/6
  1173 | D:2      | Noticed a fire elemental
  1189 | D:2      | Reached skill level 3 in Transmutations
  1300 | D:2      | Learned a level 2 spell: Sticks to Snakes
  1304 | D:2      | Learned a level 3 spell: Spider Form
  1426 | D:2      | Reached XP level 4. HP: 26/28 MP: 5/7
  1446 | D:2      | Found a stormy altar of Qazlal.
  1446 | D:2      | Noticed an earth elemental
  1446 | D:2      | Noticed a water elemental
  1446 | D:2      | Noticed an air elemental
  1671 | D:2      | Found a sparkling altar of Nemelex Xobeh.
  1842 | D:2      | Became a worshipper of Qazlal Stormbringer
  1868 | D:3      | Found a blossoming altar of Fedhas.
  1868 | D:3      | Noticed Ijyb
  1899 | D:2      | Killed Ijyb
  2447 | D:3      | Reached XP level 5. HP: 33/33 MP: 9/9
  2479 | D:3      | Noticed Terence
  2493 | D:3      | Killed Terence
  2493 | D:3      | Reached skill level 4 in Transmutations
  2689 | D:3      | Found a runed door.
  2951 | D:4      | Noticed Edmund
  2975 | D:3      | Killed Edmund
  2975 | D:3      | Reached XP level 6. HP: 12/38 MP: 10/10
  3213 | D:3      | Found a hide-covered altar of Uskayaw.
  3298 | D:4      | Noticed a phantom
  3588 | D:3      | Learned a level 5 spell: Blade Hands
  3610 | D:4      | Killed a phantom
  3610 | D:4      | Reached skill level 5 in Transmutations
  3892 | D:4      | Noticed Sigmund
  3933 | D:4      | Killed Sigmund
  3933 | D:4      | Reached XP level 7. HP: 32/43 MP: 12/12
  4023 | D:4      | Reached * piety under Qazlal
  4130 | D:4      | Reached skill level 6 in Transmutations
  4292 | D:4      | Found a deep blue altar of Sif Muna.
  4299 | D:4      | Found a snail-covered altar of Cheibriados.
  4311 | D:4      | Found a shattered altar of Ashenzari.
  4324 | D:4      | Found a stormy altar of Qazlal.
  4327 | D:4      | Found an opulent altar of Gozag.
  4367 | D:5      | Entered Level 5 of the Dungeon
  4752 | D:5      | Reached XP level 8. HP: 40/48 MP: 14/14
  4809 | D:5      | Found a staircase to the Ecumenical Temple.
  5144 | D:6      | Noticed Grinder
  5145 | D:6      | Paralysed by Grinder for 3 turns
  5157 | D:6      | Killed Grinder
  5157 | D:6      | Reached skill level 5 in Dodging
  5157 | D:6      | Reached skill level 7 in Transmutations
  5260 | D:6      | Found a shadowy altar of Dithmenos.
  5711 | D:6      | Reached skill level 5 in Spellcasting
  6394 | D:7      | Reached skill level 8 in Transmutations
  6399 | D:7      | Reached XP level 9. HP: 27/53 MP: 17/17
  6926 | D:7      | Noticed Prince Ribbit
  6940 | D:7      | Killed Prince Ribbit
  7528 | D:8      | Reached ** piety under Qazlal
  7582 | D:8      | Found a hide-covered altar of Uskayaw.
  7616 | D:8      | Reached skill level 9 in Transmutations
  7704 | D:8      | Learned a level 4 spell: Ice Form
  7960 | D:8      | Reached skill level 1 in Ice Magic
  8353 | D:8      | Found a glowing silver altar of Zin.
  9295 | D:9      | Found a basalt altar of Yredelemnul.
  9356 | D:9      | Reached XP level 10. HP: 56/60 MP: 19/19
  9682 | D:9      | Reached *** piety under Qazlal
 10072 | D:9      | Reached skill level 10 in Transmutations
 10229 | D:9      | Found a shimmering altar of Xom.
 10249 | D:9      | Found a staircase to the Orcish Mines.
 10266 | D:9      | Found a shimmering altar of Xom.
 10600 | D:10     | Entered Level 10 of the Dungeon
 10605 | D:10     | Noticed Erolcha
 10769 | D:10     | Killed Erolcha
 11532 | D:10     | Noticed Sonja
 11542 | D:10     | Slain by Sonja

Skill      XL: |  1  2  3  4  5  6  7  8  9 10 |
---------------+-------------------------------+-----
Transmutations | 3 4 5 6 8 9 10 | 10.4
Dodging        | 3 4 5 6 7 |  7.5
Spellcasting   | 3 4 5 6 |  6.0
Ice Magic      | 2 4 |  4.9
Fighting       | 2 3 |  3.6
Unarmed Combat | 4 |  4.8

Action                   |  1- 3 |  4- 6 |  7- 9 | 10-12 || total
-------------------------+-------+-------+-------+-------++-------
Melee: Unarmed           |    86 |    97 |   298 |   187 ||   668
       Constrict         |    26 |    16 |    43 |    10 ||    95
       Kick              |    25 |    14 |    23 |     9 ||    71
       Tentacles         |    11 |    13 |    33 |    10 ||    67
       Punch             |     2 |       |     5 |     2 ||     9
 Cast: Beastly Appendage |    23 |    21 |    18 |    10 ||    72
       Spider Form       |       |     4 |    15 |    13 ||    32
       Blade Hands       |       |     1 |    15 |     5 ||    21
Evoke: Wand              |       |       |     3 |       ||     3
  Use: Scroll            |       |     4 |     6 |     1 ||    11
       Potion            |       |     1 |       |     3 ||     4
 Stab: Sleeping          |     6 |     5 |       |       ||    11
  Eat: Chunk             |     2 |     8 |    17 |     9 ||    36
       Ration            |       |       |     2 |       ||     2
Armor: Skin              |    11 |     3 |     7 |     9 ||    30
Dodge: Dodged            |    58 |    50 |   224 |   132 ||   464
Block: Other             |       |       |    44 |    47 ||    91
       Reflection        |       |       |       |     3 ||     3
